Flames vs Penguins

Created - November 12, 2019 at 19:25

Goals
1 2 3 T
Flames 0 1 1 2
Penguins 2 0 1 3
Shots
1 2 3 T
Flames 4 16 13 33
Penguins 13 6 18 37

1st period

1. Penguins , Steven Stamkos 5 (Wayne Simmonds 5, Andrew Cogliano 3) at 5:14 (PP)
2. Penguins , Steven Stamkos 6 (Andrew Cogliano 4) at 12:07 (PP)

Penalties :
David Backes (Cal) for High sticking (Minor) at 0:21, Eric Staal (Cal) for Tripping (Minor) at 3:32, Steve Eminger (Cal) for Interference (Minor) at 12:03

2nd period

3. Flames , David Backes 10 (Erik Johnson 6, Eric Staal 10) at 7:30

Penalties :
Brad Marchand (Cal) for Holding (Minor) at 4:26, Wayne Simmonds (Pit) for Hooking (Minor) at 19:34

3rd period

4. Penguins , Steven Stamkos 7 (Andrew Cogliano 5, Sean Zimmerman 6) at 6:27 (PP)
5. Flames , Patrik Berglund 2 (Steve Eminger 1, Peter Prucha 2) at 7:16

Penalties :
Eric Staal (Cal) for Hooking (Minor) at 6:08, Keith Aulie (Pit) for Interference (Minor) at 18:01, Steven Stamkos (Pit) for Holding (Minor) at 18:19

Goalie Stats

Pekka Rinne (Cal), 34 saves from 37 shots - (0.919), L, 1-2-0, 58:51 minutes
Michal Neuvirth (Pit), 31 saves from 33 shots - (0.939), W, 5-3-1, 60:00 minutes

Players Stats for Flames

Player Name              G  A  P  +/- PIM S  H  SB GA TA FO     MP     PP MP  PK MP  
------------------------------------------------------------------------------------
Alexander Semin          0  0  0   1  0   1  3  1  1  0  1/1    18:36   2:28   0:51 
Brad Marchand            0  0  0   1  2   3  0  0  0  0  0/0    20:55   1:29   2:25 
Brendan Mikkelson        0  0  0   0  0   0  0  0  0  1  0/0    15:18   1:17   1:45 
Colin Wilson             0  0  0   0  0   2  1  0  0  0  6/7    14:23   0:00   3:12 
David Backes             1  0  1   1  2   4  2  0  0  0  1/4    20:46   2:28   1:19 
Derek Meech              0  0  0   1  0   3  0  3  0  0  0/0    23:20   1:17   4:18 
Eric Staal               0  1  1   1  4   2  0  1  1  0  16/33  21:00   2:28   1:56 
Erik Johnson             0  1  1   1  0   3  0  3  0  0  0/0    24:37   2:40   1:45 
Jordin Tootoo            0  0  0   0  0   2  0  1  0  0  1/2    13:10   0:00   1:59 
Kyle Palmieri            0  0  0   0  0   1  0  0  0  0  0/0     8:14   1:29   0:00 
Mikhail Grabovski        0  0  0   0  0   2  0  0  0  0  0/0     6:57   0:00   0:14 
Patrik Berglund          1  0  1   1  0   5  1  0  1  1  8/14   16:48   1:29   0:00 
Peter Prucha             0  1  1   1  0   1  0  0  1  0  0/0    15:04   0:00   0:00 
Sami Vatanen             0  0  0   1  0   1  1  2  0  1  0/0    22:39   2:40   0:00 
Steve Eminger            0  1  1   1  2   0  1  1  0  1  0/0    22:02   0:00   4:18 
Steve Regier             0  0  0   0  0   3  1  0  0  0  1/1    11:30   0:00   0:10 
Tim Ramholt              0  0  0   0  0   0  0  1  0  0  0/0    12:03   0:00   0:00 
Vladimir Sobotka         0  0  0   0  0   0  0  0  0  0  1/1     6:30   0:00   0:00 

Players Stats for Penguins

Player Name              G  A  P  +/- PIM S  H  SB GA TA FO     MP     PP MP  PK MP  
------------------------------------------------------------------------------------
Andrew Cogliano          0  3  3   0  0   5  1  1  1  1  0/2    22:32   4:19   0:54 
Brady Skjei              0  0  0  -1  0   1  3  1  0  0  0/0    26:15   4:01   1:06 
Cal Clutterbuck          0  0  0   0  0   3  0  0  0  0  0/0    10:58   0:00   0:00 
Christian Ehrhoff        0  0  0   0  0   0  0  3  0  0  0/0    13:11   0:02   1:04 
David Booth              0  0  0  -1  0   0  0  0  0  0  0/1    16:02   1:18   0:13 
Dustin Brown             0  0  0  -1  0   1  0  0  0  0  0/1    15:49   1:18   0:00 
Eric Gryba               0  0  0  -1  0   3  1  1  0  0  0/0    20:12   2:00   1:28 
Joe Colborne             0  0  0  -1  0   0  1  1  0  0  0/1     6:52   0:00   0:00 
Josh Jooris              0  0  0  -1  0   1  0  0  0  0  0/0     7:18   0:26   0:00 
Keith Aulie              0  0  0  -1  2   1  1  1  0  0  0/0    20:11   2:00   1:25 
Logan Couture            0  0  0   0  0   5  2  0  0  0  3/7    14:53   1:44   1:51 
Marcus Foligno           0  0  0  -1  0   0  0  0  1  0  0/0     7:18   0:26   0:00 
Roman Josi               0  0  0   0  0   0  0  0  0  0  0/0    12:07   0:02   0:00 
Ryan O'Reilly            0  0  0  -1  0   2  0  1  0  1  7/14   15:51   0:00   1:20 
Sean Zimmerman           0  1  1  -1  0   1  0  0  0  1  0/0    28:03   4:01   2:51 
Steven Stamkos           3  0  3   0  2   9  2  0  1  0  17/36  23:35   4:19   1:37 
Teuvo Teravainen         0  0  0   0  0   0  0  0  0  0  1/1    10:58   0:00   0:00 
Wayne Simmonds           0  1  1   0  2   5  1  2  1  1  0/0    22:15   4:19   0:18 

3 Stars

1 - Steven Stamkos (Pit)
2 - Andrew Cogliano (Pit)
3 - Michal Neuvirth (Pit)

Power Play

Flames - 0 on 3 Attempt(s) - 0.00%
Penguins - 3 on 5 Attempt(s) - 60.00%

Penalty Kill

Flames - 2 on 5 Attempt(s) - 40.00% - Score 0 goal in Penalty Kill
Penguins - 3 on 3 Attempt(s) - 100.00% - Score 0 goal in Penalty Kill

Team Stat

Flames - Hits : 10 - Faceoff Wins : 35 - Blocked Shots : 13 - Penalty Minutes : 10
Penguins - Hits : 12 - Faceoff Wins : 28 - Blocked Shots : 11 - Penalty Minutes : 6

Official

Referees : Unknown
Linesman : Unknown

Game Notes

6:50 of 2nd period - Flames goal is going for a video replay. After video review, No Goal. The referee deems the play has been stopped, even if he had not physically had the opportunity to stop play by blowing his whistle.
Steven Stamkos has scored a Hat Trick!

Finance

Level 1 -- Attendance: 4180 (69.67%) -- Ticket Income $501,600
Level 2 -- Attendance: 4185 (83.70%) -- Ticket Income $292,950
Level 3 -- Attendance: 1752 (87.60%) -- Ticket Income $78,840
Level 4 -- Attendance: 3022 (75.55%) -- Ticket Income $105,770
Luxury Box -- Attendance: 839 (83.90%) -- Ticket Income $167,800
Game was played at the Igloo.
Total Attendance: 13978 (77.66%)
Total Ticket Income: $1,146,960
Other Income: $172,044
Total Income: $1,319,004

Flames

5 vs 5 Forward 
   Center                   Left Wing                Right Wing               Time % Phy DF OF 
 1 Eric Staal               Brad Marchand            David Backes             40     2   2  1  
 2 Patrik Berglund          Alexander Semin          Peter Prucha             33     2   2  1  
 3 Colin Wilson             Steve Regier             Jordin Tootoo            19     2   2  1  
 4 Vladimir Sobotka         Mikhail Grabovski        Kyle Palmieri            8      2   2  1  

5 vs 5 Defense 
   Defense                  Defense                                           Time % Phy DF OF 
 1 Erik Johnson             Sami Vatanen                                      38     2   2  1  
 2 Derek Meech              Steve Eminger                                     29     2   2  1  
 3 Brendan Mikkelson        Tim Ramholt                                       23     2   2  1  
 4 Derek Meech              Steve Eminger                                     10     2   2  1  

PowerPlay Forward 
   Center                   Left Wing                Right Wing               Time % Phy DF OF 
 1 Eric Staal               Alexander Semin          David Backes             60     1   0  4  
 2 Patrik Berglund          Brad Marchand            Kyle Palmieri            40     1   0  4  

PowerPlay Defense
   Defense                  Defense                                           Time % Phy DF OF 
 1 Erik Johnson             Sami Vatanen                                      60     1   1  3  
 2 Derek Meech              Brendan Mikkelson                                 40     1   1  3  

Penalty Kill 4 Players Forward 
   Center                   Wing                     Time % Phy DF OF 
 1 Colin Wilson             Brad Marchand            50     1   4  0  
 2 Eric Staal               Jordin Tootoo            50     1   4  0  

Penalty Kill 4 Players Defense
   Defense                  Defense                  Time % Phy DF OF 
 1 Derek Meech              Steve Eminger            58     1   4  0  
 2 Erik Johnson             Brendan Mikkelson        42     1   4  0  

Penalty Kill - 3 Players Forward 
   Forward                                           Time % Phy DF OF 
 1 Eric Staal                                        50     1   4  0  
 2 Brad Marchand                                     50     1   4  0  

Penalty Kill - 3 Players Defense
   Defense                  Defense                  Time % Phy DF OF 
 1 Derek Meech              Steve Eminger            58     1   4  0  
 2 Erik Johnson             Brendan Mikkelson        42     1   4  0  

4 vs 4 Forward 
   Center                   Wing                     Time % Phy DF OF 
 1 Eric Staal               Alexander Semin          60     2   2  1  
 2 Patrik Berglund          David Backes             40     2   2  1  

4 vs 4 Defense
   Defense                  Defense                  Time % Phy DF OF 
 1 Erik Johnson             Sami Vatanen             60     2   2  1  
 2 Derek Meech              Steve Eminger            40     2   2  1  

Last Minutes Offensive
   Center                   Left Wing                Right Wing               Defense                  Defense                  
   Eric Staal               Alexander Semin          David Backes             Erik Johnson             Sami Vatanen             

Last Minutes Defensive
   Center                   Left Wing                Right Wing               Defense                  Defense                  
   Eric Staal               Alexander Semin          David Backes             Erik Johnson             Steve Eminger            

Goaltenders
Starting : Pekka Rinne              
Backup : Jonas Gustavsson         

Extra Forwards
Normal : Brad Marchand, Jordin Tootoo, Patrik Berglund - PP : Patrik Berglund, Colin Wilson - PK : David Backes
Extra Defensemen
Normal : Derek Meech, Steve Eminger, Brendan Mikkelson - PP : Derek Meech - PK : Erik Johnson, Brendan Mikkelson
Penalty Shots
Eric Staal, Alexander Semin, David Backes, Brad Marchand, Patrik Berglund

Scratches
David Ullstrom (Left Ankle Injury)

Penguins

5 vs 5 Forward 
   Center                   Left Wing                Right Wing               Time % Phy DF OF 
 1 Steven Stamkos           Andrew Cogliano          Wayne Simmonds           40     1   2  2  
 2 Ryan O'Reilly            David Booth              Dustin Brown             30     1   2  2  
 3 Logan Couture            Teuvo Teravainen         Cal Clutterbuck          20     1   2  2  
 4 Joe Colborne             Marcus Foligno           Josh Jooris              10     1   2  2  

5 vs 5 Defense 
   Defense                  Defense                                           Time % Phy DF OF 
 1 Sean Zimmerman           Brady Skjei                                       44     1   2  2  
 2 Keith Aulie              Eric Gryba                                        33     1   2  2  
 3 Roman Josi               Christian Ehrhoff                                 23     1   2  2  
 4 Sean Zimmerman           Brady Skjei                                       0      1   2  2  

PowerPlay Forward 
   Center                   Left Wing                Right Wing               Time % Phy DF OF 
 1 Steven Stamkos           Andrew Cogliano          Wayne Simmonds           60     0   1  4  
 2 Logan Couture            David Booth              Dustin Brown             40     0   1  4  

PowerPlay Defense
   Defense                  Defense                                           Time % Phy DF OF 
 1 Sean Zimmerman           Brady Skjei                                       60     1   1  3  
 2 Keith Aulie              Eric Gryba                                        40     1   1  3  

Penalty Kill 4 Players Forward 
   Center                   Wing                     Time % Phy DF OF 
 1 Steven Stamkos           Wayne Simmonds           60     1   4  0  
 2 Logan Couture            Andrew Cogliano          40     1   4  0  

Penalty Kill 4 Players Defense
   Defense                  Defense                  Time % Phy DF OF 
 1 Sean Zimmerman           Keith Aulie              60     1   4  0  
 2 Eric Gryba               Brady Skjei              40     1   4  0  

Penalty Kill - 3 Players Forward 
   Forward                                           Time % Phy DF OF 
 1 Steven Stamkos                                    60     1   4  0  
 2 Logan Couture                                     40     1   4  0  

Penalty Kill - 3 Players Defense
   Defense                  Defense                  Time % Phy DF OF 
 1 Sean Zimmerman           Keith Aulie              60     1   4  0  
 2 Eric Gryba               Brady Skjei              40     1   4  0  

4 vs 4 Forward 
   Center                   Wing                     Time % Phy DF OF 
 1 Steven Stamkos           Andrew Cogliano          60     1   1  3  
 2 Ryan O'Reilly            Dustin Brown             40     1   1  3  

4 vs 4 Defense
   Defense                  Defense                  Time % Phy DF OF 
 1 Sean Zimmerman           Brady Skjei              60     1   2  2  
 2 Keith Aulie              Eric Gryba               40     1   2  2  

Last Minutes Offensive
   Center                   Left Wing                Right Wing               Defense                  Defense                  
   Steven Stamkos           Andrew Cogliano          Wayne Simmonds           Sean Zimmerman           Brady Skjei              

Last Minutes Defensive
   Center                   Left Wing                Right Wing               Defense                  Defense                  
   Steven Stamkos           Andrew Cogliano          Wayne Simmonds           Sean Zimmerman           Keith Aulie              

Goaltenders
Starting : Michal Neuvirth          
Backup : Sergei Bobrovsky         

Extra Forwards
Normal : Steven Stamkos, Ryan O'Reilly, Logan Couture - PP : Steven Stamkos, Ryan O'Reilly - PK : Logan Couture
Extra Defensemen
Normal : Sean Zimmerman, Eric Gryba, Christian Ehrhoff - PP : Keith Aulie - PK : Sean Zimmerman, Eric Gryba
Penalty Shots
Andrew Cogliano, Steven Stamkos, Wayne Simmonds, Ryan O'Reilly, David Booth

Scratches
Paul Ranger (Healthy), Riley Armstrong (Healthy)

% Time on Ice - Flames

Lines # - Real PCT - Wanted PCT - Time Play
Normal Forward
1 - 34% - 40% - 16:47
2 - 31% - 33% - 15:32
3 - 22% - 19% - 11:11
4 - 13% - 8% - 6:30
Normal Defense
1 - 41% - 38% - 20:24
2 - 28% - 29% - 14:12
3 - 24% - 23% - 12:03
4 - 7% - 10% - 3:21
PP Forward
1 - 62% - 60% - 2:28
2 - 38% - 40% - 1:29
PP Defense
1 - 68% - 60% - 2:40
2 - 32% - 40% - 1:17
PK Forward
1 - 60% - 50% - 3:36
2 - 40% - 50% - 2:27
PK Defense
1 - 71% - 58% - 4:18
2 - 29% - 42% - 1:45
PK3 Forward
1 - 0% - 50%
2 - 0% - 50%
PK3 Defense
1 - 0% - 58%
2 - 0% - 42%
44 Forward
1 - 0% - 60%
2 - 0% - 40%
44 Defense
1 - 0% - 60%
2 - 0% - 40%
Last Minute Offensive  - 0:00
Last Minute Defensive  - 0:00
Total
Forward - 60:00
Defense - 60:00

% Time on Ice - Penguins

Lines # - Real PCT - Wanted PCT - Time Play
Normal Forward
1 - 35% - 40% - 17:39
2 - 29% - 30% - 14:31
3 - 22% - 20% - 10:58
4 - 14% - 10% - 6:52
Normal Defense
1 - 43% - 44% - 21:36
2 - 33% - 33% - 16:44
3 - 23% - 23% - 11:40
4 - 0% - 0% - 0:00
PP Forward
1 - 71% - 60% - 4:19
2 - 29% - 40% - 1:44
PP Defense
1 - 67% - 60% - 4:03
2 - 33% - 40% - 2:00
PK Forward
1 - 100% - 60% - 2:17
2 - 0% - 40% - 0:00
PK Defense
1 - 75% - 60% - 1:43
2 - 25% - 40% - 0:34
PK3 Forward
1 - 100% - 60% - 1:40
2 - 0% - 40% - 0:00
PK3 Defense
1 - 100% - 60% - 1:40
2 - 0% - 40% - 0:00
44 Forward
1 - 0% - 60%
2 - 0% - 40%
44 Defense
1 - 0% - 60%
2 - 0% - 40%
Last Minute Offensive  - 0:00
Last Minute Defensive  - 0:00
Total
Forward - 60:00
Defense - 60:00

Play-by-Play

1st period


0:01 of 1st period - Steven Stamkos wins face-off versus Eric Staal in neutral zone.
0:04 of 1st period - Wrist shot by Wayne Simmonds.
0:04 of 1st period - Deflect By Steven Stamkos.
0:04 of 1st period - Shot Blocked by Sami Vatanen.
0:04 of 1st period - Puck is out of play.
0:05 of 1st period - Eric Staal wins face-off versus Steven Stamkos in Flames zone.
0:21 of 1st period - Minor Penalty to David Backes for High sticking.
0:22 of 1st period - Colin Wilson wins face-off versus Steven Stamkos in Flames zone.
0:39 of 1st period - Wrist shot by Steven Stamkos.
0:39 of 1st period - Shot Blocked by Derek Meech.
1:52 of 1st period - Brad Marchand is hit by Steven Stamkos and loses puck.
2:15 of 1st period - Icing by Wayne Simmonds.
2:16 of 1st period - Alexander Semin wins face-off versus Steven Stamkos in Penguins zone.
2:21 of 1st period - Penalty to David Backes is over, David Backes is back on ice.
3:32 of 1st period - Minor Penalty to Eric Staal for Tripping.
3:33 of 1st period - Colin Wilson wins face-off versus Steven Stamkos in Flames zone.
3:44 of 1st period - Wrist shot by Andrew Cogliano.
3:44 of 1st period - Stopped by Pekka Rinne without a rebound.
3:45 of 1st period - Colin Wilson wins face-off versus Steven Stamkos in Flames zone.
3:54 of 1st period - Snap shot by Wayne Simmonds.
3:54 of 1st period - Stopped by Pekka Rinne without a rebound.
3:55 of 1st period - David Backes wins face-off versus Steven Stamkos in Flames zone.
5:14 of 1st period - Snap shot by Steven Stamkos.
5:14 of 1st period - Goal by Steven Stamkos - Flames : 0 - Penguins : 1.
5:15 of 1st period - Ryan O'Reilly wins face-off versus Patrik Berglund in neutral zone.
5:35 of 1st period - Icing by Alexander Semin.
5:36 of 1st period - Patrik Berglund wins face-off versus Logan Couture in Flames zone.
5:43 of 1st period - Snap shot by Patrik Berglund.
5:43 of 1st period - Stopped by Michal Neuvirth without a rebound.
5:44 of 1st period - Logan Couture wins face-off versus Eric Staal in Penguins zone.
6:14 of 1st period - Off-side.
6:15 of 1st period - Steven Stamkos wins face-off versus Colin Wilson in neutral zone.
6:40 of 1st period - Slapshot by Ryan O'Reilly.
6:40 of 1st period - Stopped by Pekka Rinne without a rebound.
6:41 of 1st period - Eric Staal wins face-off versus Ryan O'Reilly in Flames zone.
6:48 of 1st period - Wrist shot by Dustin Brown.
6:48 of 1st period - Shot Blocked by Eric Staal.
6:50 of 1st period - Slapshot by Eric Gryba.
6:50 of 1st period - Stopped by Pekka Rinne without a rebound.
6:51 of 1st period - Steven Stamkos wins face-off versus Eric Staal in Flames zone.
6:52 of 1st period - Slapshot by Wayne Simmonds.
6:52 of 1st period - Stopped by Pekka Rinne with a rebound.
7:06 of 1st period - Snap shot by Steven Stamkos.
7:06 of 1st period - Stopped by Pekka Rinne with a rebound.
7:34 of 1st period - Sean Zimmerman is hit by Patrik Berglund and loses puck.
8:13 of 1st period - Snap shot by Wayne Simmonds.
8:13 of 1st period - Stopped by Pekka Rinne without a rebound.
8:14 of 1st period - Eric Staal wins face-off versus Steven Stamkos in Flames zone.
8:48 of 1st period - Slapshot by Alexander Semin.
8:48 of 1st period - Deflect By Patrik Berglund.
8:48 of 1st period - Shot Misses the Net.
8:48 of 1st period - Puck is out of play.
8:49 of 1st period - Patrik Berglund wins face-off versus Ryan O'Reilly in Penguins zone.
10:01 of 1st period - Snap shot by Josh Jooris.
10:01 of 1st period - Shot Blocked by Tim Ramholt.
10:11 of 1st period - Snap shot by Kyle Palmieri.
10:11 of 1st period - Shot Blocked by Joe Colborne.
10:54 of 1st period - Snap shot by Eric Staal.
10:54 of 1st period - Shot Misses the Net.
11:10 of 1st period - Snap shot by Vladimir Sobotka.
11:10 of 1st period - Shot Misses the Net.
11:18 of 1st period - Snap shot by Steven Stamkos.
11:18 of 1st period - Shot Misses the Net.
11:20 of 1st period - Slapshot by Eric Gryba.
11:20 of 1st period - Deflect By Steven Stamkos.
11:20 of 1st period - Shot Misses the Net.
11:20 of 1st period - Puck is out of play.
11:21 of 1st period - Eric Staal wins face-off versus Ryan O'Reilly in Flames zone.
11:26 of 1st period - Snap shot by Ryan O'Reilly.
11:26 of 1st period - Shot Misses the Net.
11:48 of 1st period - Logan Couture is hit by Sami Vatanen and loses puck.
12:03 of 1st period - Minor Penalty to Steve Eminger for Interference.
12:04 of 1st period - Steven Stamkos wins face-off versus Eric Staal in Flames zone.
12:07 of 1st period - Snap shot by Steven Stamkos.
12:07 of 1st period - Goal by Steven Stamkos - Flames : 0 - Penguins : 2.
12:08 of 1st period - Steven Stamkos wins face-off versus Eric Staal in neutral zone.
12:55 of 1st period - Icing by Ryan O'Reilly.
12:56 of 1st period - Jordin Tootoo wins face-off versus Logan Couture in Penguins zone.
13:49 of 1st period - Slapshot by Brad Marchand.
13:49 of 1st period - Stopped by Michal Neuvirth without a rebound.
13:50 of 1st period - Steven Stamkos wins face-off versus Patrik Berglund in Penguins zone.
13:59 of 1st period - Backhand shot by Steven Stamkos.
13:59 of 1st period - Shot Misses the Net.
14:01 of 1st period - Snap shot by Wayne Simmonds.
14:01 of 1st period - Stopped by Pekka Rinne with a rebound.
14:03 of 1st period - Slapshot by Christian Ehrhoff.
14:03 of 1st period - Shot Misses the Net.
14:05 of 1st period - Slapshot by Steven Stamkos.
14:05 of 1st period - Shot Misses the Net.
14:07 of 1st period - Slapshot by Roman Josi.
14:07 of 1st period - Shot Blocked by Erik Johnson.
14:17 of 1st period - Peter Prucha is hit by Logan Couture and loses puck.
14:22 of 1st period - Slapshot by Sean Zimmerman.
14:22 of 1st period - Deflect By Logan Couture.
14:22 of 1st period - Stopped by Pekka Rinne with a rebound.
14:24 of 1st period - Wrist shot by Cal Clutterbuck.
14:24 of 1st period - Shot Blocked by Sami Vatanen.
14:30 of 1st period - Snap shot by Cal Clutterbuck.
14:30 of 1st period - Shot Misses the Net.
16:27 of 1st period - Patrik Berglund is hit by Steven Stamkos and loses puck.
18:34 of 1st period - Slapshot by Patrik Berglund.
18:34 of 1st period - Stopped by Michal Neuvirth with a rebound.
18:41 of 1st period - Icing by Wayne Simmonds.
18:42 of 1st period - Eric Staal wins face-off versus Steven Stamkos in Penguins zone.
18:45 of 1st period - Slapshot by Brad Marchand.
18:45 of 1st period - Stopped by Michal Neuvirth with a rebound.
19:33 of 1st period - Brendan Mikkelson is hit by Logan Couture and loses puck.
19:42 of 1st period - Wrist shot by Logan Couture.
19:42 of 1st period - Stopped by Pekka Rinne without a rebound.
19:43 of 1st period - Logan Couture wins face-off versus Eric Staal in Flames zone.
19:44 of 1st period - Snap shot by Cal Clutterbuck.
19:44 of 1st period - Stopped by Pekka Rinne with a rebound.
Goals for this period are 0 for Flames vs 2 for Penguins.
Shots for this period are 4 for Flames vs 13 for Penguins.

2nd period


0:01 of 2nd period - Ryan O'Reilly wins face-off versus Eric Staal in neutral zone.
0:15 of 2nd period - Snap shot by Eric Staal.
0:15 of 2nd period - Shot Misses the Net.
0:21 of 2nd period - Eric Staal is hit by Brady Skjei.
1:14 of 2nd period - Snap shot by Ryan O'Reilly.
1:14 of 2nd period - Stopped by Pekka Rinne without a rebound.
1:15 of 2nd period - Eric Staal wins face-off versus Steven Stamkos in Flames zone.
1:15 of 2nd period - Eric Staal is hit by Andrew Cogliano.
1:29 of 2nd period - Snap shot by Steven Stamkos.
1:29 of 2nd period - Stopped by Pekka Rinne without a rebound.
1:30 of 2nd period - Colin Wilson wins face-off versus Logan Couture in Flames zone.
1:35 of 2nd period - Eric Gryba is hit by Steve Eminger and loses puck.
3:11 of 2nd period - Off-side.
3:12 of 2nd period - Ryan O'Reilly wins face-off versus Eric Staal in neutral zone.
3:15 of 2nd period - Slapshot by Sean Zimmerman.
3:15 of 2nd period - Deflect By Ryan O'Reilly.
3:15 of 2nd period - Shot Blocked by Erik Johnson.
3:15 of 2nd period - Puck is out of play.
3:16 of 2nd period - Ryan O'Reilly wins face-off versus Eric Staal in Flames zone.
3:31 of 2nd period - Ryan O'Reilly is hit by David Backes and loses puck.
3:55 of 2nd period - Slapshot by Sami Vatanen.
3:55 of 2nd period - Shot Blocked by Brady Skjei.
4:26 of 2nd period - Minor Penalty to Brad Marchand for Holding.
4:27 of 2nd period - Steven Stamkos wins face-off versus Eric Staal in Flames zone.
5:15 of 2nd period - David Backes is hit by Brady Skjei and loses puck.
6:26 of 2nd period - Penalty to Brad Marchand is over, Brad Marchand is back on ice.
6:46 of 2nd period - Slapshot by Steve Eminger.
6:46 of 2nd period - Shot Blocked by Christian Ehrhoff.
6:48 of 2nd period - Slapshot by Derek Meech.
6:48 of 2nd period - Shot Blocked by Christian Ehrhoff.
6:50 of 2nd period - Slapshot by Mikhail Grabovski.
6:50 of 2nd period - Flames goal is going for a video replay.
6:50 of 2nd period - The goal is refused. The referee deems the play has been stopped, even if he had not physically had the opportunity to stop play by blowing his whistle..
6:51 of 2nd period - Ryan O'Reilly wins face-off versus Patrik Berglund in Penguins zone.
7:30 of 2nd period - Snap shot by David Backes.
7:30 of 2nd period - Goal by David Backes - Flames : 1 - Penguins : 2.
7:31 of 2nd period - Eric Staal wins face-off versus Steven Stamkos in neutral zone.
7:57 of 2nd period - David Booth is hit by Alexander Semin and loses puck.
8:29 of 2nd period - Icing by Derek Meech.
8:30 of 2nd period - Steven Stamkos wins face-off versus Jordin Tootoo in Flames zone.
8:31 of 2nd period - Snap shot by Andrew Cogliano.
8:31 of 2nd period - Shot Misses the Net.
8:50 of 2nd period - Snap shot by Derek Meech.
8:50 of 2nd period - Stopped by Michal Neuvirth with a rebound.
8:52 of 2nd period - Slapshot by Steve Regier.
8:52 of 2nd period - Shot Misses the Net.
8:54 of 2nd period - Snap shot by Steve Regier.
8:54 of 2nd period - Shot Misses the Net.
9:10 of 2nd period - Wrist shot by Derek Meech.
9:10 of 2nd period - Stopped by Michal Neuvirth with a rebound.
9:12 of 2nd period - Slapshot by Derek Meech.
9:12 of 2nd period - Stopped by Michal Neuvirth with a rebound.
9:57 of 2nd period - Snap shot by Brad Marchand.
9:57 of 2nd period - Stopped by Michal Neuvirth without a rebound.
9:58 of 2nd period - Patrik Berglund wins face-off versus Ryan O'Reilly in Penguins zone.
10:13 of 2nd period - David Booth is hit by Alexander Semin and loses puck.
10:43 of 2nd period - Icing by Steven Stamkos.
10:44 of 2nd period - Steven Stamkos wins face-off versus Eric Staal in Penguins zone.
11:03 of 2nd period - David Backes is hit by Brady Skjei and loses puck.
11:46 of 2nd period - Snap shot by Andrew Cogliano.
11:46 of 2nd period - Stopped by Pekka Rinne without a rebound.
11:47 of 2nd period - Patrik Berglund wins face-off versus David Booth in Flames zone.
11:52 of 2nd period - Slapshot by Erik Johnson.
11:52 of 2nd period - Stopped by Michal Neuvirth without a rebound.
11:53 of 2nd period - Patrik Berglund wins face-off versus Dustin Brown in Penguins zone.
13:37 of 2nd period - Wrist shot by Eric Staal.
13:37 of 2nd period - Stopped by Michal Neuvirth with a rebound.
15:18 of 2nd period - Brad Marchand is hit by Keith Aulie and loses puck.
15:25 of 2nd period - Snap shot by Cal Clutterbuck.
15:25 of 2nd period - Stopped by Pekka Rinne without a rebound.
15:26 of 2nd period - Steven Stamkos wins face-off versus Eric Staal in Flames zone.
15:27 of 2nd period - Wrist shot by Andrew Cogliano.
15:27 of 2nd period - Stopped by Pekka Rinne without a rebound.
15:28 of 2nd period - Eric Staal wins face-off versus Steven Stamkos in Flames zone.
15:40 of 2nd period - Snap shot by Steven Stamkos.
15:40 of 2nd period - Shot Hit the Post.
15:53 of 2nd period - Off-side.
15:54 of 2nd period - Patrik Berglund wins face-off versus Ryan O'Reilly in neutral zone.
17:08 of 2nd period - Wrist shot by Colin Wilson.
17:08 of 2nd period - Shot Misses the Net.
17:10 of 2nd period - Slapshot by Steve Eminger.
17:10 of 2nd period - Shot Blocked by Keith Aulie.
17:12 of 2nd period - Snap shot by Derek Meech.
17:12 of 2nd period - Shot Misses the Net.
17:36 of 2nd period - Wrist shot by David Booth.
17:36 of 2nd period - Shot Blocked by Derek Meech.
17:56 of 2nd period - Snap shot by Steven Stamkos.
17:56 of 2nd period - Shot Blocked by Erik Johnson.
17:58 of 2nd period - Slapshot by Eric Gryba.
17:58 of 2nd period - Stopped by Pekka Rinne with a rebound.
18:00 of 2nd period - Slapshot by Andrew Cogliano.
18:00 of 2nd period - Shot Misses the Net.
18:12 of 2nd period - Slapshot by Sami Vatanen.
18:12 of 2nd period - Shot Misses the Net.
18:14 of 2nd period - Slapshot by Sami Vatanen.
18:14 of 2nd period - Stopped by Michal Neuvirth with a rebound.
18:16 of 2nd period - Wrist shot by Jordin Tootoo.
18:16 of 2nd period - Deflect By Steve Regier.
18:16 of 2nd period - Stopped by Michal Neuvirth with a rebound.
18:18 of 2nd period - Wrist shot by Erik Johnson.
18:18 of 2nd period - Deflect By Colin Wilson.
18:18 of 2nd period - Stopped by Michal Neuvirth with a rebound.
18:56 of 2nd period - Snap shot by Kyle Palmieri.
18:56 of 2nd period - Stopped by Michal Neuvirth with a rebound.
18:58 of 2nd period - Wrist shot by Mikhail Grabovski.
18:58 of 2nd period - Stopped by Michal Neuvirth without a rebound.
18:59 of 2nd period - Vladimir Sobotka wins face-off versus Steven Stamkos in Penguins zone.
19:10 of 2nd period - Wrist shot by Kyle Palmieri.
19:10 of 2nd period - Deflect By Mikhail Grabovski.
19:10 of 2nd period - Shot Blocked by Christian Ehrhoff.
19:10 of 2nd period - Puck is out of play.
19:11 of 2nd period - Steven Stamkos wins face-off versus Eric Staal in Penguins zone.
19:34 of 2nd period - Minor Penalty to Wayne Simmonds for Hooking.
19:35 of 2nd period - Eric Staal wins face-off versus Steven Stamkos in Penguins zone.
19:38 of 2nd period - Snap shot by David Backes.
19:38 of 2nd period - Stopped by Michal Neuvirth with a rebound.
19:40 of 2nd period - Wrist shot by David Backes.
19:40 of 2nd period - Stopped by Michal Neuvirth with a rebound.
19:42 of 2nd period - Wrist shot by Alexander Semin.
19:42 of 2nd period - Deflect By Eric Staal.
19:42 of 2nd period - Stopped by Michal Neuvirth with a rebound.
Goals for this period are 1 for Flames vs 0 for Penguins.
Shots for this period are 16 for Flames vs 6 for Penguins.

3rd period


0:01 of 3rd period - Eric Staal wins face-off versus Steven Stamkos in neutral zone.
0:10 of 3rd period - Slapshot by Erik Johnson.
0:10 of 3rd period - Stopped by Michal Neuvirth with a rebound.
0:36 of 3rd period - Snap shot by Patrik Berglund.
0:36 of 3rd period - Shot Misses the Net.
1:19 of 3rd period - Icing by Sami Vatanen.
1:20 of 3rd period - Ryan O'Reilly wins face-off versus Eric Staal in Flames zone.
1:34 of 3rd period - Penalty to Wayne Simmonds is over, Wayne Simmonds is back on ice.
1:42 of 3rd period - Sami Vatanen is hit by Wayne Simmonds and loses puck.
1:53 of 3rd period - Wrist shot by Logan Couture.
1:53 of 3rd period - Stopped by Pekka Rinne without a rebound.
1:54 of 3rd period - Steve Regier wins face-off versus Ryan O'Reilly in Flames zone.
2:10 of 3rd period - Wrist shot by David Booth.
2:10 of 3rd period - Shot Blocked by Derek Meech.
2:13 of 3rd period - Icing by Steve Regier.
2:14 of 3rd period - Colin Wilson wins face-off versus Logan Couture in Flames zone.
2:38 of 3rd period - Icing by Steve Regier.
2:39 of 3rd period - Eric Staal wins face-off versus Andrew Cogliano in Flames zone.
2:54 of 3rd period - Wrist shot by Steven Stamkos.
2:54 of 3rd period - Stopped by Pekka Rinne with a rebound.
2:56 of 3rd period - Slapshot by Sean Zimmerman.
2:56 of 3rd period - Deflect By Andrew Cogliano.
2:56 of 3rd period - Stopped by Pekka Rinne with a rebound.
3:11 of 3rd period - Snap shot by Peter Prucha.
3:11 of 3rd period - Stopped by Michal Neuvirth with a rebound.
3:13 of 3rd period - Wrist shot by Alexander Semin.
3:13 of 3rd period - Stopped by Michal Neuvirth without a rebound.
3:14 of 3rd period - Ryan O'Reilly wins face-off versus Patrik Berglund in Penguins zone.
3:21 of 3rd period - Snap shot by Eric Gryba.
3:21 of 3rd period - Stopped by Pekka Rinne with a rebound.
3:23 of 3rd period - Snap shot by David Booth.
3:23 of 3rd period - Shot Misses the Net.
3:25 of 3rd period - Slapshot by Keith Aulie.
3:25 of 3rd period - Stopped by Pekka Rinne with a rebound.
3:27 of 3rd period - Snap shot by Keith Aulie.
3:27 of 3rd period - Shot Blocked by Alexander Semin.
5:55 of 3rd period - Snap shot by Josh Jooris.
5:55 of 3rd period - Stopped by Pekka Rinne without a rebound.
5:56 of 3rd period - Steven Stamkos wins face-off versus Eric Staal in Flames zone.
6:08 of 3rd period - Minor Penalty to Eric Staal for Hooking.
6:09 of 3rd period - Steven Stamkos wins face-off versus David Backes in Flames zone.
6:09 of 3rd period - Wrist shot by Wayne Simmonds.
6:09 of 3rd period - Stopped by Pekka Rinne without a rebound.
6:10 of 3rd period - Steven Stamkos wins face-off versus David Backes in Flames zone.
6:15 of 3rd period - Snap shot by Steven Stamkos.
6:15 of 3rd period - Stopped by Pekka Rinne with a rebound.
6:17 of 3rd period - Wrist shot by Andrew Cogliano.
6:17 of 3rd period - Deflect By Steven Stamkos.
6:17 of 3rd period - Stopped by Pekka Rinne with a rebound.
6:19 of 3rd period - Slapshot by Sean Zimmerman.
6:19 of 3rd period - Shot Blocked by Jordin Tootoo.
6:21 of 3rd period - Wrist shot by Steven Stamkos.
6:21 of 3rd period - Shot Blocked by Steve Eminger.
6:27 of 3rd period - Snap shot by Steven Stamkos.
6:27 of 3rd period - Goal by Steven Stamkos - Flames : 1 - Penguins : 3.
6:28 of 3rd period - Eric Staal wins face-off versus Steven Stamkos in neutral zone.
6:33 of 3rd period - Slapshot by Sami Vatanen.
6:33 of 3rd period - Shot Misses the Net.
6:35 of 3rd period - Wrist shot by Erik Johnson.
6:35 of 3rd period - Shot Blocked by Wayne Simmonds.
6:37 of 3rd period - Wrist shot by Brad Marchand.
6:37 of 3rd period - Shot Blocked by Wayne Simmonds.
6:39 of 3rd period - Slapshot by Erik Johnson.
6:39 of 3rd period - Stopped by Michal Neuvirth without a rebound.
6:40 of 3rd period - Eric Staal wins face-off versus Steven Stamkos in Penguins zone.
6:43 of 3rd period - Snap shot by Brad Marchand.
6:43 of 3rd period - Shot Blocked by Andrew Cogliano.
7:16 of 3rd period - Snap shot by Patrik Berglund.
7:16 of 3rd period - Goal by Patrik Berglund - Flames : 2 - Penguins : 3.
7:17 of 3rd period - Eric Staal wins face-off versus Steven Stamkos in neutral zone.
7:34 of 3rd period - Wrist shot by Andrew Cogliano.
7:34 of 3rd period - Shot Misses the Net.
7:44 of 3rd period - Ryan O'Reilly is hit by Alexander Semin and loses puck.
8:04 of 3rd period - Off-side.
8:05 of 3rd period - Colin Wilson wins face-off versus Joe Colborne in neutral zone.
8:08 of 3rd period - Backhand shot by Jordin Tootoo.
8:08 of 3rd period - Stopped by Michal Neuvirth with a rebound.
8:10 of 3rd period - Wrist shot by Colin Wilson.
8:10 of 3rd period - Stopped by Michal Neuvirth with a rebound.
8:12 of 3rd period - Wrist shot by Steve Regier.
8:12 of 3rd period - Stopped by Michal Neuvirth with a rebound.
8:14 of 3rd period - Slapshot by Brendan Mikkelson.
8:14 of 3rd period - Deflect By Steve Regier.
8:14 of 3rd period - Stopped by Michal Neuvirth with a rebound.
8:16 of 3rd period - Wrist shot by Jordin Tootoo.
8:16 of 3rd period - Deflect By Keith Aulie.
8:16 of 3rd period - Shot Blocked by Eric Gryba.
8:16 of 3rd period - Puck is out of play.
8:17 of 3rd period - Eric Staal wins face-off versus Steven Stamkos in Penguins zone.
8:39 of 3rd period - Sean Zimmerman is hit by David Backes and loses puck.
9:00 of 3rd period - Snap shot by Alexander Semin.
9:00 of 3rd period - Shot Misses the Net.
10:18 of 3rd period - Wrist shot by Peter Prucha.
10:18 of 3rd period - Deflect By Patrik Berglund.
10:18 of 3rd period - Deflect By Wayne Simmonds.
10:18 of 3rd period - Stopped by Michal Neuvirth with a rebound.
10:20 of 3rd period - Slapshot by Alexander Semin.
10:20 of 3rd period - Deflect By Patrik Berglund.
10:20 of 3rd period - Stopped by Michal Neuvirth with a rebound.
10:32 of 3rd period - Cal Clutterbuck is hit by Colin Wilson and loses puck.
11:04 of 3rd period - Erik Johnson is hit by Eric Gryba and loses puck.
11:11 of 3rd period - Slapshot by Logan Couture.
11:11 of 3rd period - Stopped by Pekka Rinne with a rebound.
11:13 of 3rd period - Slapshot by Sean Zimmerman.
11:13 of 3rd period - Stopped by Pekka Rinne without a rebound.
11:14 of 3rd period - Steven Stamkos wins face-off versus Patrik Berglund in Flames zone.
11:15 of 3rd period - Wrist shot by Andrew Cogliano.
11:15 of 3rd period - Stopped by Pekka Rinne without a rebound.
11:16 of 3rd period - Patrik Berglund wins face-off versus Andrew Cogliano in Flames zone.
12:09 of 3rd period - Snap shot by Brady Skjei.
12:09 of 3rd period - Stopped by Pekka Rinne with a rebound.
12:30 of 3rd period - Off-side.
12:31 of 3rd period - Eric Staal wins face-off versus Steven Stamkos in neutral zone.
12:48 of 3rd period - Backhand shot by Steven Stamkos.
12:48 of 3rd period - Stopped by Pekka Rinne without a rebound.
12:49 of 3rd period - Patrik Berglund wins face-off versus Ryan O'Reilly in Flames zone.
12:56 of 3rd period - Snap shot by Alexander Semin.
12:56 of 3rd period - Shot Misses the Net.
13:49 of 3rd period - Snap shot by David Backes.
13:49 of 3rd period - Stopped by Michal Neuvirth with a rebound.
13:58 of 3rd period - Icing by Sami Vatanen.
13:59 of 3rd period - Teuvo Teravainen wins face-off versus Eric Staal in Flames zone.
14:00 of 3rd period - Snap shot by Cal Clutterbuck.
14:00 of 3rd period - Deflect By Andrew Cogliano.
14:00 of 3rd period - Shot Misses the Net.
14:00 of 3rd period - Puck is out of play.
14:01 of 3rd period - Steven Stamkos wins face-off versus Patrik Berglund in Flames zone.
14:28 of 3rd period - David Booth is hit by Steve Regier and loses puck.
15:00 of 3rd period - Snap shot by Dustin Brown.
15:00 of 3rd period - Stopped by Pekka Rinne with a rebound.
15:18 of 3rd period - Wrist shot by Cal Clutterbuck.
15:18 of 3rd period - Stopped by Pekka Rinne with a rebound.
15:26 of 3rd period - Slapshot by Logan Couture.
15:26 of 3rd period - Stopped by Pekka Rinne with a rebound.
15:44 of 3rd period - Slapshot by Alexander Semin.
15:44 of 3rd period - Shot Misses the Net.
16:35 of 3rd period - Snap shot by Jordin Tootoo.
16:35 of 3rd period - Stopped by Michal Neuvirth with a rebound.
17:09 of 3rd period - Brad Marchand is hit by Joe Colborne and loses puck.
18:01 of 3rd period - Minor Penalty to Keith Aulie for Interference.
18:02 of 3rd period - Steven Stamkos wins face-off versus David Backes in Penguins zone.
18:19 of 3rd period - Minor Penalty to Steven Stamkos for Holding.
18:20 of 3rd period - Logan Couture wins face-off versus Eric Staal in Penguins zone.
18:51 of 3rd period - Flames, Pekka Rinne is pulled from the net.
18:53 of 3rd period - Wrist shot by Patrik Berglund.
18:53 of 3rd period - Shot Misses the Net.
18:55 of 3rd period - Snap shot by Brad Marchand.
18:55 of 3rd period - Shot Blocked by Ryan O'Reilly.
Goals for this period are 1 for Flames vs 1 for Penguins.
Shots for this period are 13 for Flames vs 18 for Penguins.